 Dungeon Crawl Stone Soup version 0.17-a0-1446-gc28613e (webtiles) character file.

5586 ztt the Basher (level 10, -10/107 HPs)
             Began as an Ogre Fighter on June 28, 2015.
             Was an Initiate of Okawaru.
             Mangled by a minotaur
             ... wielding a +2 rapier of speed
              (24 damage)
             ... in a labyrinth.
             The game lasted 00:24:47 (12143 turns).

ztt the Basher (Ogre Fighter)                      Turns: 12143, Time: 00:24:47

Health: -10/107    AC:  4    Str: 25    XL:     10   Next: 72%
Magic:  19/19      EV: 13    Int:  7    God:    Okawaru [......]
Gold:   498        SH:  0    Dex: 10    Spells: 0 memorised, 9 levels left

rFire  . . .     SeeInvis .     A - +0 giant spiked club
rCold  . . .     Clarity  .     u - +1 robe {MR+}
rNeg   + . .     SustAt   .     (no shield)
rPois  .         Gourm    .     (helmet restricted)
rElec  .         Spirit   .     (no cloak)
rCorr  .         Warding  +     (gloves unavailable)
rMut   .         Stasis   .     (boots unavailable)
MR     ++...                    w - amulet of warding
Stlth  ++........               g - ring of magical power
                                (no ring)

@: about to teleport, very resistant to hostile enchantments, unstealthy
A: unfitting armour, tough skin 1
a: Renounce Religion


You were in a labyrinth.
You worshipped Okawaru.
Okawaru was noncommittal.
You were not hungry.

You visited 3 branches of the dungeon, and saw 11 of its levels.
You also visited: Labyrinth.

You collected 498 gold pieces.

Inventory:

Hand weapons
 a - a +1 flail
 p - a +1 flail of protection
 A - a +0 giant spiked club (weapon)
Armour
 c - a +1 shield
 u - a +1 robe of magic resistance (worn)
Jewellery
 g - a ring of magical power (right hand)
 w - an amulet of warding (around neck)
 C - an uncursed ring of positive energy {unknown}
Magical devices
 b - a wand of lightning (8)
 j - a wand of frost (27)
 n - a wand of slowing (24)
 s - a wand of polymorph (7)
 t - a wand of random effects (20)
 x - a wand of flame (22)
 y - a wand of slowing (28)
 z - a wand of paralysis (17)
 B - a wand of fire (6)
Scrolls
 f - a scroll of amnesia
 h - a scroll of recharging
 m - a scroll of teleportation
 o - 5 scrolls of remove curse
 r - a scroll of fear
 D - a scroll of magic mapping {unknown}
 E - 2 scrolls of identify
Potions
 d - a potion of flight {unknown}
 i - 4 potions of brilliance
 k - a potion of curing
Books
 q - a book of Frost

   Spells                             Type                      Level
   a - Freeze                         Ice                          1
   b - Throw Frost                    Conjuration/Ice              2
   c - Ozocubu's Armour               Charms/Ice                   3
   d - Throw Icicle                   Conjuration/Ice              4
   e - Summon Ice Beast               Ice/Summoning                4
   f - Condensation Shield            Ice                          4
Comestibles
 e - 3 bread rations
 l - 5 meat rations


   Skills:
 + Level 9.2 Fighting
 * Level 9.8 Maces & Flails
 + Level 9.1 Dodging
 + Level 3.0 Stealth
 + Level 7.2 Shields


You had 9 spell levels left.
You didn't know any spells.

Dungeon Overview and Level Annotations

Branches:
Dungeon (9/15)             Temple (1/1) D:4            Lair (1/8) D:9
    Orc: D:9-12

Altars:
Ashenzari
Cheibriados
Dithmenos
Elyvilon
Fedhas
Gozag
Kikubaaqudgha
Makhleb
Nemelex Xobeh
Okawaru
Qazlal
Ru
Sif Muna
Trog
Vehumet
Xom
Yredelemnul
Zin
The Shining One

Annotations:
D:8 Joseph; panicbit's ghost, experienced MiFi


Innate Abilities, Weirdness & Mutations

You are too large for most types of armour.
You have tough skin (AC +1).


Message History

The minotaur closely misses you.
You barely miss the minotaur.
The minotaur is moderately wounded.
The minotaur hits you with a rapier of speed.
* * * LOW HITPOINT WARNING * * *
The minotaur gores you.
* * * LOW HITPOINT WARNING * * *
Drink which item? (? for menu, Esc to quit)
You feel better.
The minotaur hits you with a rapier of speed.
* * * LOW HITPOINT WARNING * * *
The minotaur gores you!
* * * LOW HITPOINT WARNING * * *
Drink which item? (? for menu, Esc to quit)
Okay, then.
Read which item? (? for menu, Esc to quit)
As you read the scroll of teleportation, it crumbles to dust.
You feel strangely unstable.
The minotaur hits you with a rapier of speed!!
You die...

# #.# # #. #
#.. ... .....
. # # ### #
## # . ..
#...... . #
#.########.
.#.....H# #.#
# #.# #@#....
... . #.# #.#
.# ## #
#.######.#.#.
.# #
#........#.#
# # ##
####### . ..#
.. ##


You could see a minotaur.

Vanquished Creatures
  Pikel (D:4)
  A komodo dragon (D:9)
  A troll (D:9)
  A two-headed ogre (D:8)
  A deep elf mage (D:9)
  A wyvern (D:8)
  A water moccasin (D:3)
  A steam dragon (D:9)
  A hippogriff (D:7)
  Duvessa (D:6)
  2 ice beasts (D:9)
  4 orc warriors
  2 ogres (D:4)
  A phantom (D:8)
  2 centaurs
  3 sky beasts
  2 slaves (D:4)
  3 necrophages
  A wasp (D:9)
  4 giant frogs
  Blork the orc (D:5)
  Dowan (D:6)
  5 killer bees
  A wyvern skeleton (D:8)
  3 scorpions
  An electric eel (D:6)
  A quasit (D:8)
  2 jellies
  A crimson imp (D:8)
  7 orc wizards
  A gnoll shaman (D:7)
  5 hounds
  A centaur skeleton (D:5)
  A giant frog skeleton (D:7)
  2 orc priests (D:4)
  4 iguanas
  7 worker ants
  A killer bee zombie (D:7)
  A worker ant zombie (D:7)
  Robin (D:3)
  13 gnolls
  6 adders
  3 river rats (D:4)
  A shadow imp (D:8)
  2 oozes
  5 worms
  3 adder skeletons
  5 giant geckos
  17 orcs
  10 ball pythons
  A bat skeleton (D:4)
  4 giant cockroaches
  24 goblins
  16 hobgoblins
  9 jackals
  12 kobolds
  A quokka (D:9)
  22 bats
  A giant gecko skeleton (D:8)
  A giant gecko zombie (D:8)
  4 giant newts
  A quokka zombie (D:7)
  14 rats
  2 plants (D:9)
258 creatures vanquished.

Vanquished Creatures (others)
  An orc wizard (D:8)
  5 sheep (D:3)
  An ooze (D:4)
7 creatures vanquished.

Grand Total: 265 creatures vanquished

Notes
Turn   | Place    | Note
--------------------------------------------------------------
     0 | D:1      | ztt the Ogre Fighter began the quest for the Orb.
     0 | D:1      | Reached XP level 1. HP: 24/24 MP: 1/1
   374 | D:1      | Reached XP level 2. HP: 30/32 MP: 2/2
  1257 | D:2      | Reached XP level 3. HP: 39/39 MP: 3/3
  1401 | D:2      | Found a glowing golden altar of the Shining One.
  1401 | D:2      | Found a shattered altar of Ashenzari.
  1667 | D:2      | Reached XP level 4. HP: 40/49 MP: 4/4
  2236 | D:3      | Noticed a water moccasin
  2248 | D:3      | Killed a water moccasin
  2248 | D:3      | Reached skill level 5 in Fighting
  2248 | D:3      | Reached XP level 5. HP: 33/57 MP: 5/5
  2278 | D:3      | Noticed Robin
  2288 | D:3      | Killed Robin
  2291 | D:3      | Reached XP level 6. HP: 26/66 MP: 6/6
  2445 | D:3      | Found a shattered altar of Ashenzari.
  2650 | D:3      | Found a shimmering altar of Xom.
  2955 | D:4      | Reached skill level 5 in Maces & Flails
  2955 | D:4      | Reached skill level 1 in Stealth
  3137 | D:4      | Reached XP level 7. HP: 67/72 MP: 7/7
  3224 | D:4      | Noticed Pikel
  3718 | D:4      | Reached skill level 6 in Fighting
  3835 | D:4      | Found a staircase to the Ecumenical Temple.
  3859 | Temple   | Entered the Ecumenical Temple
  4147 | D:4      | Killed Pikel
  4147 | D:4      | Reached skill level 5 in Dodging
  4147 | D:4      | Reached XP level 8. HP: 43/84 MP: 8/8
  4666 | D:5      | Entered Level 5 of the Dungeon
  4666 | D:5      | Noticed Blork the orc
  4671 | D:5      | Killed Blork the orc
  5055 | D:5      | Found a shadowy altar of Dithmenos.
  5353 | D:5      | Reached skill level 5 in Shields
  5856 | D:6      | Reached skill level 7 in Fighting
  5862 | D:6      | Noticed Duvessa
  5864 | D:6      | Noticed Dowan
  5886 | D:6      | Killed Duvessa
  5886 | D:6      | Reached XP level 9. HP: 90/93 MP: 9/9
  5898 | D:6      | Killed Dowan
  7376 | D:7      | Reached skill level 8 in Maces & Flails
  8468 | D:7      | Found a snail-covered altar of Cheibriados.
  8975 | D:8      | Noticed Joseph
  8982 | D:8      | Noticed panicbit's ghost (experienced MiFi)
  9390 | D:8      | Reached skill level 9 in Maces & Flails
  9390 | D:8      | Reached XP level 10. HP: 73/104 MP: 10/10
 10554 | D:9      | Paralysed by a wasp for 3 turns
 10562 | D:9      | Paralysed by a wasp for 3 turns
 11100 | D:9      | Found a sparkling altar of Nemelex Xobeh.
 11100 | D:9      | Found an iron altar of Okawaru.
 11168 | D:9      | Became a worshipper of Warmaster Okawaru
 11287 | D:9      | Found a staircase to the Lair.
 11910 | Lair:1   | Entered Level 1 of the Lair of Beasts
 11912 | Lair:1   | Found a labyrinth entrance.
 11947 | Lab      | Entered a labyrinth
 12130 | Lab      | Noticed a minotaur
 12143 | Lab      | Mangled by a minotaur

Vault maps used:
D:1:      tarquinn_simple_flora_water_d
D:2:      grunt_temple_overflow_open
D:3:      kb_xom_exploding_sheep, first_bread, ashenzari_altar_1, uniq_robin
D:4:      minmay_temple_entry_junction2, portal_sewer_entry_e, minmay_cupped,
          uniq_pikel
D:5:      lemuel_crystal_altar, uniq_blork_the_orc
D:6:      minmay_crystal_water, uniq_duvessa
D:7:      slow_altar_2
D:8:      uniq_joseph
D:9:      gammafunk_temple_overflow_statue, david_lair_shrubbed, serial_glass,
          glass_columns_a, glass_columns_b
Temple:   circular_temple_12
Lair:1:   lab_entry_generic, beast_lair_carwin_6
Lab:      labyrinth_spiral, labyrinth_skeletal_remains, nicolae_lab_plus,
          nicolae_lab_lava, nicolae_lab_x, nicolae_lab_dead_end,
          nicolae_lab_do_over, nicolae_lab_swirl, lab_fountain

Action                   |  1- 3 |  4- 6 |  7- 9 | 10-12 || total
-------------------------+-------+-------+-------+-------++-------
Melee: Flail             |   151 |   141 |   531 |   261 ||  1084
       Giant spiked club |       |       |       |    18 ||    18
Evoke: Wand              |       |       |     1 |       ||     1
  Use: Scroll            |     3 |     8 |     5 |     6 ||    22
       Potion            |       |     2 |     2 |     4 ||     8
 Stab: Sleeping          |       |       |     2 |     1 ||     3
  Eat: Chunk             |     2 |     5 |    12 |     2 ||    21
       Fruit             |       |       |     3 |       ||     3
       Beef jerky        |       |       |     2 |       ||     2
       Pizza             |       |       |     1 |       ||     1
       Royal jelly       |       |       |     1 |       ||     1
       Meat ration       |       |       |       |     1 ||     1
       Bread ration      |       |       |       |     1 ||     1
